[Event "*** SCC Grand Prix: Titled Tuesday Blitz"]
[Site "Chess.com"]
[Date "2020.06.02"]
[Round "3"]
[White "Justinz"]
[Black "lelajavakhishvili"]
[Result "1/2-1/2"]
[WhiteElo "2310"]
[BlackElo "2505"]
[TimeControl "180+1"]
[EndTime "10:27:38 PDT"]
[Termination "Game drawn by repetition"]

1. e4 d6 2. d4 Nf6 3. Nc3 g6 4. h3 c6 5. Be3 b5 6. a3 Nbd7 7. g4 Nb6 8. Bg2 Nc4 9. Bc1 Bg7 10. Nge2 O-O 11. O-O e5 12. b3 Nb6 13. Be3 exd4 14.
Nxd4 Bb7 15. Qd2 Re8 16. Rad1 a5 17. g5 b4 18. gxf6 bxc3 19. Qxc3 Bxf6 20. Qd2 d5 21. exd5 Nxd5 22. Bh6 Qb6 23. c4 Ne7 24. Qf4 Bxd4 25. Rxd4 Nf5 26. Rd3 c5 27. Bxb7 Qxb7 28. Qxf5 gxf5 29.
Rg3+ Kh8 30. Bg7+ Kg8 31. Bh6+ Kh8 32. Bg7+ Kg8 33. Bh6+ 1/2-1/2

[Event "*** SCC Grand Prix: Titled Tuesday Blitz"]
[Site "Chess.com"]
[Date "2020.06.02"]
[Round "3"]
[White "talman67"]
[Black "TheNextLevelFan"]
[Result "0-1"]
[WhiteElo "2561"]
[BlackElo "2423"]
[TimeControl "180+1"]
[EndTime "10:27:39 PDT"]
[Termination "TheNextLevelFan won by resignation"]

1. e4 e5 2. Nf3 Nc6 3. Bb5 a6 4. Ba4 Nf6 5. O-O Be7 6. Re1 b5 7. Bb3 O-O 8. a4 b4 9. d3 d6 10. a5 Be6 11. Bxe6 fxe6 12. Nbd2 Na7 13. c3 bxc3 14. bxc3 Nb5 15. Qb3 Qd7 16. Ng5 d5 17. Ndf3 Bd6 18. exd5 exd5 19. c4 Nd4 20. Nxd4 exd4 21.
cxd5 Ng4 22. Nf3 Rxf3 23. gxf3 Nxh2 24. Kg2 Rf8 25. Re4 Rxf3 26. Rh4 h6 27. Ba3 Qf5 0-1

[Event "*** SCC Grand Prix: Titled Tuesday Blitz"]
[Site "Chess.com"]
[Date "2020.06.02"]
[Round "3"]
[White "Pintacara"]
[Black "biaf13"]
[Result "0-1"]
[WhiteElo "2257"]
[BlackElo "2005"]
[TimeControl "180+1"]
[EndTime "10:27:39 PDT"]
[Termination "biaf13 won on time"]

1. d4 Nf6 2. Bg5 e6 3. e4 Be7 4. e5 Nd5 5. Bxe7 Qxe7 6. c4 Nb6 7. Nc3 Nc6 8. Nf3 d6 9. exd6 cxd6 10. Bd3 O-O 11.
h4 d5 12. Bxh7+ Kxh7 13. Ng5+ Kg6 14. Ne2 e5 15. Ng3 exd4+ 16. Kf1 Nxc4 17. Qh5+ Kf6 18. Nh7+ Ke6 19. Re1+ N6e5 20. Nxf8+ Qxf8 21. Kg1 Kd6 22. f4 Ng6 23. Nf5+ Bxf5 24. Qxf5 Re8 25. Kh2 Ne3 26. Qd3 Qe7 27. g3 Ng4+ 28. Kh3 Nf2+ 29. Kg2 Nxd3 0-1

[Event "*** SCC Grand Prix: Titled Tuesday Blitz"]
[Site "Chess.com"]
[Date "2020.06.02"]
[Round "3"]
[White "deribas12345"]
[Black "fodorpoti"]
[Result "0-1"]
[WhiteElo "2556"]
[BlackElo "2762"]
[TimeControl "180+1"]
[EndTime "10:27:41 PDT"]
[Termination "fodorpoti won by resignation"]

1. d4 d5 2. c4 e6 3. Nc3 c6 4. Nf3 dxc4 5. a4 Bb4 6. e4 b5 7.
Bd2 Bb7 8. e5 a6 9. axb5 cxb5 10. b3 Bxc3 11. Bxc3 cxb3 12. Qxb3 Ne7 13. Be2 O-O 14. O-O Nd7 15. Ba5 Nb6 16. Rac1 Ned5 17. h4 h6 18. Bd3 Qd7 19. Bb1 Nc4 20. Rxc4 bxc4 21. Qc2 f5 22. exf6 Nxf6 23. Re1 Bxf3 24. gxf3 Qd5 25. Bb4 Rf7 26. Qg6 Qxf3 27. Rxe6 Qg4+ 28.
Qxg4 Nxg4 29. d5 Rb8 30. Bg6 Rxb4 31. d6 Nf6 32. Re7 Rxe7 0-1

[Event "*** SCC Grand Prix: Titled Tuesday Blitz"]
[Site "Chess.com"]
[Date "2020.06.02"]
[Round "3"]
[White "ShieldingOff"]
[Black "vanImpe"]
[Result "0-1"]
[WhiteElo "2046"]
[BlackElo "2347"]
[TimeControl "180+1"]
[EndTime "10:27:41 PDT"]
[Termination "vanImpe won by resignation"]

1. d4 g6 2. c4 Bg7 3. Nc3 Nf6 4. e4 O-O 5. Be2 d6 6. Be3 c5 7. d5 e6 8. g4 exd5 9. exd5 Re8 10. g5 Ne4 11. Nxe4 Rxe4 12. Qc2 Rxe3 13. fxe3 Qxg5 14.
Qe4 Bd7 15. Nf3 Qf6 16. O-O Na6 17. Rab1 Bf5 18. Qf4 Bxb1 19. Rxb1 Re8 20. Qxf6 Bxf6 21. Kf2 Nb4 22. Ne1 Bg5 23. a3 Bxe3+ 24. Kf3 Na6 25. b4 Bh6 26. Nd3 b6 27. b5 Nb8 28.
a4 Nd7 29. a5 Bg7 30. axb6 axb6 31. Rb3 Ra8 32. Nf2 Ne5+ 33. Kg3 f5 34. Nh3 Bh6 35.
Nf4 Bxf4+ 36. Kxf4 Ra4 37. Kg5 Kg7 38. h4 Nxc4 39.
Bxc4 Rxc4 0-1

[Event "*** SCC Grand Prix: Titled Tuesday Blitz"]
[Site "Chess.com"]
[Date "2020.06.02"]
[Round "3"]
[White "secretsuperstar7"]
[Black "LedakovAlexandr"]
[Result "0-1"]
[WhiteElo "2211"]
[BlackElo "2491"]
[TimeControl "180+1"]
[EndTime "10:27:42 PDT"]
[Termination "LedakovAlexandr won by resignation"]

1. d4 Nc6 2. d5 Ne5 3. e4 Ng6 4. c4 e5 5. dxe6 dxe6 6. Qxd8+ Kxd8 7. Nc3 Bd7 8. Bd2 Nf6 9. Be2 Bb4 10. f3 Bc5 11.
O-O-O Kc8 12. Nh3 e5 13. Ng5 Rf8 14. Nd5 Nxd5 15. cxd5 h6 16. Nh3 Bxh3 17. gxh3 a5 18. Kb1 Rd8 19. Rc1 Bb6 20. Rhg1 Bxg1 21. Rxg1 Rg8 22.
Rc1 Kd8 23. Be3 Nf4 24. Bb5 g5 25. a3 Rg6 26. Rd1 Nxh3 27. Bc5 Rd6 28. Bxd6 cxd6 29. b4 axb4 30. axb4 Ra3 31. Rd3 Rxd3 32. Bxd3 Ng1 33. Kb2 Nxf3 34. Kc3 Nxh2 0-1

[Event "*** SCC Grand Prix: Titled Tuesday Blitz"]
[Site "Chess.com"]
[Date "2020.06.02"]
[Round "3"]
[White "Chessmasterzt"]
[Black "Dynamikus"]
[Result "0-1"]
[WhiteElo "2527"]
[BlackElo "2744"]
[TimeControl "180+1"]
[EndTime "10:27:44 PDT"]
[Termination "Dynamikus won by resignation"]

1. Nf3 d5 2. d4 Nf6 3. c4 c6 4. e3 Bg4 5. h3 Bh5 6. cxd5 Bxf3 7.
Qxf3 cxd5 8. Bd3 Nc6 9. O-O e6 10. Nc3 Be7 11. Bd2 O-O 12. Rfc1 Rc8 13. Bf1 a6 14.
Qd1 Nd7 15. Na4 Bd6 16. Qb3 Rc7 17. Nc5 Nxc5 18. dxc5 Be5 19. Bc3 Bxc3 20. Qxc3 Rd7 21. b4 d4 22. exd4 Rxd4 23. b5 axb5 24. Bxb5 Qf6 25. Bxc6 bxc6 26. Kh2 Qxf2 27. Rf1 Qd2 28. Qf3 Qb4 29. Rab1 Qxc5 30. Rbc1 Qd6+ 31. Kh1 c5 0-1

[Event "*** SCC Grand Prix: Titled Tuesday Blitz"]
[Site "Chess.com"]
[Date "2020.06.02"]
[Round "3"]
[White "gui_borba"]
[Black "stoleriu"]
[Result "0-1"]
[WhiteElo "2307"]
[BlackElo "2537"]
[TimeControl "180+1"]
[EndTime "10:27:45 PDT"]
[Termination "stoleriu won by resignation"]

1. d4 e6 2. e4 d5 3. Nc3 Bb4 4. e5 c5 5. a3 Bxc3+ 6. bxc3 Qc7 7. Ne2 b6 8. g3 Ba6 9. Qd2 Ne7 10. Nf4 Bxf1 11.
Kxf1 O-O 12. h4 Nbc6 13. Kg2 Rac8 14. h5 cxd4 15. cxd4 Na5 16. Qb4 Rfe8 17. h6 g6 18.
Be3 Qxc2 19. Rhc1 Qe4+ 20. Kg1 Nf5 21. Rxc8 Rxc8 22. Rc1 Nc4 23. Ng2 Nxd4 24. Qe7 Nf5 25. Qf6 Re8 26. Nh4 Qxe5 27. Qxe5 Nxe5 28. Nxf5 gxf5 29. Rc7 d4 30. Bxd4 Nf3+ 0-1

[Event "*** SCC Grand Prix: Titled Tuesday Blitz"]
[Site "Chess.com"]
[Date "2020.06.02"]
[Round "3"]
[White "tomasdanada"]
[Black "Jungle_Jaguar"]
[Result "0-1"]
[WhiteElo "2229"]
[BlackElo "2607"]
[TimeControl "180+1"]
[EndTime "10:27:45 PDT"]
[Termination "Jungle_Jaguar won on time"]

1. d4 Nf6 2. c4 e6 3. Nc3 d5 4.
Nf3 Be7 5. Bf4 O-O 6. Rc1 Nbd7 7.
e3 c6 8. c5 b6 9. b4 a5 10. a3 Re8 11. h3 Ba6 12. b5 cxb5 13.
c6 b4 14. cxd7 Qxd7 15. Bxa6 bxc3 16. Qd3 Bxa3 17. O-O Bxc1 18. Bb5 Qe7 19. Bxe8 Bb2 20. Ba4 Qb4 21. Bc2 a4 22. Ng5 h6 23. Nxf7 Kxf7 24. Qg6+ Kf8 25. Bxh6 Qe7 26. Bg5 a3 27. e4 dxe4 28. Bxe4 Ra5 29. d5 exd5 30. Bb1 a2 31. Bxa2 Rxa2 0-1

[Event "*** SCC Grand Prix: Titled Tuesday Blitz"]
[Site "Chess.com"]
[Date "2020.06.02"]
[Round "3"]
[White "dosto07"]
[Black "jorquerino"]
[Result "1/2-1/2"]
[WhiteElo "2115"]
[BlackElo "2322"]
[TimeControl "180+1"]
[EndTime "10:27:46 PDT"]
[Termination "Game drawn by repetition"]

1. e4 d5 2. exd5 Nf6 3. d4 Bg4 4. Nf3 Qxd5 5. Be2 Nc6 6. h3 Bxf3 7. Bxf3 Qd6 8. c3 O-O-O 9. O-O e5 10. Bxc6 Qxc6 11.
Be3 Kb8 12. Nd2 exd4 13. Bxd4 Bc5 14. Nf3 Bxd4 15. Nxd4 Qb6 16. Qb3 Qxb3 17. axb3 a6 18. b4 Rhe8 19. Rfe1 g6 20. f3 Nd5 21. Nb3 Nf4 22. Rad1 Rxd1 23. Rxd1 Kc8 24. Rd2 h5 25. h4 b6 26. Kf2 Re7 27. g3 Ne6 28. Nd4 Rd7 29. Ke3 Re7 30. Kf2 Rd7 31. Ke3 Re7 32. Kf2 1/2-1/2

[Event "*** SCC Grand Prix: Titled Tuesday Blitz"]
[Site "Chess.com"]
[Date "2020.06.02"]
[Round "3"]
[White "WiktoriaPOL"]
[Black "Khayala13"]
[Result "1-0"]
[WhiteElo "2018"]
[BlackElo "2267"]
[TimeControl "180+1"]
[EndTime "10:27:46 PDT"]
[Termination "WiktoriaPOL won by resignation"]

1. d4 Nf6 2. c4 e5 3. dxe5 Ng4 4. Bf4 Nc6 5. Nf3 Bb4+ 6. Nbd2 Qe7 7. a3 Bxd2+ 8. Qxd2 Ngxe5 9. Nxe5 Nxe5 10. e3 d6 11. Be2 O-O 12. Rc1 Ng6 13. Bg3 f5 14. O-O Rb8 15.
c5 dxc5 16. Qd5+ Be6 17. Qxc5 Qxc5 18. Rxc5 f4 19. exf4 Nxf4 20. Bxf4 Rxf4 21. Rxc7 a6 22. Bf3 b5 23. Re1 Bc4 24. Ree7 Rf7 25. Rxf7 Bxf7 26.
Ra7 b4 27. axb4 g6 28. Ra8 Rxa8 29. Bxa8 Kf8 30. f4 Ke7 31. Kf2 Kd6 32. Ke3 Kc7 33. Kd4 Kb6 34. Bd5 Kb5 35. Bxf7 1-0

[Event "*** SCC Grand Prix: Titled Tuesday Blitz"]
[Site "Chess.com"]
[Date "2020.06.02"]
[Round "3"]
[White "Konavets"]
[Black "Kezin_Roman"]
[Result "1-0"]
[WhiteElo "2975"]
[BlackElo "2689"]
[TimeControl "180+1"]
[EndTime "10:27:49 PDT"]
[Termination "Konavets won on time"]

1. e4 c5 2. Nf3 e6 3. d4 cxd4 4.
Bg5 Nf6 5. e5 h6 6. Bh4 g5 7. exf6 gxh4 8. Qxd4 h3 9. Nc3 Nc6 10.
Qh4 hxg2 11. Bxg2 Rg8 12. Bh3 Rg6 13. Ne4 Qa5+ 14. c3 d5 15. Ng3 Bd7 16. Bg4 d4 17.
Bh5 dxc3 18. O-O cxb2 19. Rab1 Ne5 20. Nxe5 Qxe5 21. Bxg6 fxg6 22. Rfe1 Qc3 23. Ne4 Qc2 24. f7+ Kxf7 25. Qf6+ Kg8 26. Rxb2 Qc6 27. Qxg6+ Bg7 28. Nf6+ Kf8 29. Rc2 Qd6 30. Rc3 Qe7 31. Rf3 Bc6 32.
Nd5+ 1-0

[Event "*** SCC Grand Prix: Titled Tuesday Blitz"]
[Site "Chess.com"]
[Date "2020.06.02"]
[Round "3"]
[White "QueenOfTactics90"]
[Black "GaboSalazar2001"]
[Result "0-1"]
[WhiteElo "1961"]
[BlackElo "2261"]
[TimeControl "180+1"]
[EndTime "10:27:50 PDT"]
[Termination "GaboSalazar2001 won by resignation"]

1. e4 c5 2. Nf3 d6 3. d4 cxd4 4. Nxd4 Nf6 5. f3 e5 6. Nb3 d5 7. Bg5 d4 8. c3 Nc6 9. Bb5 Qb6 10. Bxc6+ bxc6 11. cxd4 Ba6 12. dxe5 Nd7 13. Qd4 Qxd4 14.
Nxd4 Nxe5 15. Kf2 h6 16. Be3 Nd3+ 17. Kg3 Bc5 18. Nf5 Bxe3 19. Nxe3 Rd8 20. Nc3 Nxb2 21.
Rac1 O-O 22. Rc2 Nd3 23. Na4 Rd6 24. Nc4 Rg6+ 25. Kh3 Bxc4 26. Rxc4 Nf2+ 0-1

[Event "*** SCC Grand Prix: Titled Tuesday Blitz"]
[Site "Chess.com"]
[Date "2020.06.02"]
[Round "3"]
[White "suyu28"]
[Black "zajka-molotok"]
[Result "1-0"]
[WhiteElo "2582"]
[BlackElo "2377"]
[TimeControl "180+1"]
[EndTime "10:27:51 PDT"]
[Termination "suyu28 won by checkmate"]

1. d4 Nf6 2. c4 g6 3. Nc3 Bg7 4. e4 d6 5. Nf3 O-O 6. g3 Nc6 7. Bg2 e5 8. d5 Ne7 9. O-O Nd7 10. Ne1 f5 11. Nd3 Nf6 12. f4 fxe4 13. Nxe4 Nxe4 14. Bxe4 exf4 15. Nxf4 Nf5 16. Ne6 Bxe6 17. dxe6 c6 18. Bxf5 gxf5 19. Bf4 Qf6 20. Bxd6 Rfd8 21. c5 Qxe6 22. Qd3 Bxb2 23. Rae1 Qd5 24. Qxd5+ cxd5 25. Rxf5 Re8 26. Rd1 d4 27. Rg5+ Kf7 28. Rf1+ Ke6 29. Re5+ Kd7 30. Rf7+ Kd8 31. Bc7+ Kc8 32.
Rxe8# 1-0

[Event "*** SCC Grand Prix: Titled Tuesday Blitz"]
[Site "Chess.com"]
[Date "2020.06.02"]
[Round "3"]
[White "RobPeresian"]
[Black "ClassyEl"]
[Result "1/2-1/2"]
[WhiteElo "2381"]
[BlackElo "2569"]
[TimeControl "180+1"]
[EndTime "10:27:51 PDT"]
[Termination "Game drawn by agreement"]

1. Nf3 d5 2. d4 Nf6 3. c4 dxc4 4. Nc3 a6 5. e4 b5 6. a4 b4 7. e5 bxc3 8. exf6 cxb2 9. fxg7 Bxg7 10. Bxb2 c5 11. Bxc4 Nc6 12. O-O Rb8 13. Ba3 Nxd4 14. Ng5 Be6 15. Nxe6 Nxe6 16. Bxe6 Qxd1 17. Raxd1 fxe6 18. Bxc5 Kf7 19. Rd7 Bf6 20. a5 Rb5 21. Bb6 Bc3 22.
Rc1 Bxa5 23. Bxa5 Rxa5 24. g3 Kf6 25. Rcc7 Re8 26. Ra7 Ra2 27. Rd4 a5 28. Rf4+ Kg6 29. Re4 Kf5 30. Rf4+ Kg6 31. Re4 Kf7 32. Rf4+ Kg7 33. Re4 1/2-1/2

[Event "*** SCC Grand Prix: Titled Tuesday Blitz"]
[Site "Chess.com"]
[Date "2020.06.02"]
[Round "3"]
[White "Savagelittlemole"]
[Black "Siemba"]
[Result "1-0"]
[WhiteElo "2588"]
[BlackElo "2382"]
[TimeControl "180+1"]
[EndTime "10:27:52 PDT"]
[Termination "Savagelittlemole won by resignation"]

1. e4 e6 2. d4 d5 3. Nd2 c5 4.
Ngf3 cxd4 5. Nxd4 Nc6 6. Bb5 Bd7 7. Bxc6 bxc6 8. O-O Qc7 9. Qe2 Ne7 10. b3 Ng6 11. Bb2 Be7 12. exd5 cxd5 13. c4 O-O 14. Rac1 dxc4 15. Nxc4 Qb7 16. Rfd1 Rac8 17. Na5 Qb6 18.
Nc4 Qb7 19. Ba3 Rxc4 20. Rxc4 Bxa3 21. b4 e5 22. Nc2 Bb2 23. Rb1 Bd4 24. Nxd4 exd4 25.
Rxd4 Bf5 26. Rbd1 h6 27. f3 Qb6 28. Qf2 a5 29. a3 axb4 30. axb4 Kh7 31. Rd5 Be6 32.
Qxb6 1-0

[Event "*** SCC Grand Prix: Titled Tuesday Blitz"]
[Site "Chess.com"]
[Date "2020.06.02"]
[Round "3"]
[White "ARTHURMOTIVATOR"]
[Black "NZT72"]
[Result "1-0"]
[WhiteElo "2202"]
[BlackElo "2407"]
[TimeControl "180+1"]
[EndTime "10:27:53 PDT"]
[Termination "ARTHURMOTIVATOR won on time"]

1. e4 d6 2. d4 g6 3. Nc3 Bg7 4. Bg5 a6 5. f4 b5 6. a3 Bb7 7. Nf3 h6 8. Bh4 Nf6 9. Bd3 Nh5 10. Qd2 c5 11. Nd5 Nc6 12. c3 Nf6 13.
O-O cxd4 14. Nxf6+ exf6 15. cxd4 Qb6 16. Kh1 O-O 17. d5 Nd4 18. Qf2 f5 19. exf5 Bxd5 20. f6 Bxf3 21. fxg7 Rfe8 22. gxf3 Kxg7 23. Rad1 Rab8 24.
Be4 Ne6 25. Qxb6 Rxb6 26. f5 Nf4 27. fxg6 fxg6 28. Bf2 Rbb8 29. Bd4+ Kh7 30. Rc1 Re7 31. Be3 1-0

[Event "*** SCC Grand Prix: Titled Tuesday Blitz"]
[Site "Chess.com"]
[Date "2020.06.02"]
[Round "3"]
[White "Drags95"]
[Black "jefferyx"]
[Result "0-1"]
[WhiteElo "2659"]
[BlackElo "2936"]
[TimeControl "180+1"]
[EndTime "10:27:55 PDT"]
[Termination "jefferyx won by resignation"]

1. e4 c5 2. Nf3 d6 3. Bb5+ Bd7 4. Bxd7+ Nxd7 5. c4 Ngf6 6. Nc3 g6 7. d4 cxd4 8. Nxd4 a6 9. O-O Rc8 10. Qe2 Bg7 11.
Be3 Ne5 12. b3 b5 13. Kh1 bxc4 14. f4 Ned7 15. bxc4 O-O 16. Bg1 Qc7 17. Nd5 Nxd5 18. cxd5 Qc4 19. Qe3 Nc5 20. Rad1 Rfe8 21. f5 Bxd4 22.
Qxd4 Nxe4 23. fxg6 hxg6 24. Qe3 Nf6 25. Qh6 Qe2 26.
Bd4 Rc2 27. Rg1 Qh5 28. Qf4 Nxd5 29. Qe4 Re2 30. Qd3 Nf4 0-1

[Event "*** SCC Grand Prix: Titled Tuesday Blitz"]
[Site "Chess.com"]
[Date "2020.06.02"]
[Round "3"]
[White "Godzillator"]
[Black "HunterBRR"]
[Result "1-0"]
[WhiteElo "2457"]
[BlackElo "2018"]
[TimeControl "180+1"]
[EndTime "10:27:55 PDT"]
[Termination "Godzillator won on time"]

1. d4 Nf6 2. c4 g6 3. Nc3 Bg7 4. e4 d6 5. Be2 O-O 6. Bg5 c5 7. d5 h6 8. Bf4 e6 9. Qd2 exd5 10. exd5 Kh7 11. Nf3 Bg4 12. O-O Re8 13. h3 Bxf3 14. Bxf3 a6 15. a4 Qc7 16. Rae1 Nbd7 17. b3 Ne5 18.
Bxe5 Rxe5 19. Rxe5 dxe5 20. Re1 Re8 21. Be2 e4 22.
Bd1 Qe5 23. Bc2 Ng4 24. hxg4 Qxc3 25. Qxc3 Bxc3 26. Re2 f5 27. gxf5 gxf5 28. g4 Rg8 29.
f3 Bd4+ 30. Kf1 exf3 31. Bxf5+ Kg7 32. Re7+ Kf6 33. Re4 h5 34. d6 h4 35. d7 h3 36.
Re8 h2 37. d8=Q+ Kg7 38. Rxg8+ Kh6 39. Qf8+ 1-0

[Event "*** SCC Grand Prix: Titled Tuesday Blitz"]
[Site "Chess.com"]
[Date "2020.06.02"]
[Round "3"]
[White "gmyarick"]
[Black "JosefineHeinemann"]
[Result "0-1"]
[WhiteElo "2740"]
[BlackElo "2563"]
[TimeControl "180+1"]
[EndTime "10:27:56 PDT"]
[Termination "JosefineHeinemann won on time"]

1. e4 e5 2. Nf3 Nc6 3. Bb5 a6 4. Ba4 Nf6 5. d4 exd4 6. O-O Nxe4 7. Re1 d5 8. Nxd4 Bc5 9. Bxc6+ bxc6 10. f3 O-O 11.
fxe4 dxe4 12. Be3 Qh4 13. Nf5 Bxe3+ 14. Nxe3 f5 15. g3 Qf6 16. Nc3 Rb8 17. Qe2 Rxb2 18.
Qc4+ Kh8 19. Rad1 Qe5 20. Qd4 Qxd4 21. Rxd4 g5 22. Rf1 Kg7 23. Nc4 Rxc2 24. Na4 f4 25.
gxf4 Bh3 26. Re1 gxf4 27. Rdxe4 f3 28. Rf1 f2+ 0-1

[Event "*** SCC Grand Prix: Titled Tuesday Blitz"]
[Site "Chess.com"]
[Date "2020.06.02"]
[Round "3"]
[White "ChelsieMonica"]
[Black "DiamondCrusher22"]
[Result "1-0"]
[WhiteElo "2456"]
[BlackElo "1978"]
[TimeControl "180+1"]
[EndTime "10:27:56 PDT"]
[Termination "ChelsieMonica won on time"]

1. c4 c6 2. Nc3 d5 3. e3 Nf6 4. cxd5 cxd5 5. Nf3 Nc6 6. Bb5 e6 7. O-O Bd6 8. h3 Bd7 9. d4 O-O 10. a3 a6 11. Ba4 b5 12. Bc2 Na5 13. Ne5 Bxe5 14.
dxe5 Ne8 15. e4 Bc6 16. exd5 exd5 17. Qd3 g6 18. Bh6 Ng7 19. Rad1 Nc4 20. Qd4 Ne6 21. Qg4 Re8 22. Qg3 Nxb2 23. Ne4 Nxd1 24. Nf6+ Kh8 25. Qh4 Nc5 26. Bg5 h5 27. Nxh5 gxh5 28. Qxh5+ 1-0

[Event "*** SCC Grand Prix: Titled Tuesday Blitz"]
[Site "Chess.com"]
[Date "2020.06.02"]
[Round "3"]
[White "Charlottemillard17"]
[Black "oykuince"]
[Result "0-1"]
[WhiteElo "1478"]
[BlackElo "2087"]
[TimeControl "180+1"]
[EndTime "10:27:56 PDT"]
[Termination "oykuince won by checkmate"]

1. e4 c5 2. Nf3 e6 3. d4 cxd4 4. Nxd4 Nc6 5. Nb3 Nf6 6. Nc3 Bb4 7. e5 Nxe5 8. Bd2 Be7 9. f4 Nc6 10. g4 d5 11. Bd3 d4 12. Ne2 Qd5 13. Rf1 Nxg4 14.
Ng3 Nxh2 15. Rf2 Bh4 16. Be4 Qd6 17. Bxc6+ bxc6 18. Rxh2 Bxg3+ 19. Kf1 Bxh2 20. Qg4 Qd5 21. Kf2 e5 22. fxe5 Bxg4 23. Re1 Qf3# 0-1

[Event "*** SCC Grand Prix: Titled Tuesday Blitz"]
[Site "Chess.com"]
[Date "2020.06.02"]
[Round "3"]
[White "M1711"]
[Black "silverback96"]
[Result "0-1"]
[WhiteElo "2463"]
[BlackElo "2235"]
[TimeControl "180+1"]
[EndTime "10:27:57 PDT"]
[Termination "silverback96 won by resignation"]

1. d4 Nf6 2. Bg5 e6 3. e4 d5 4. e5 h6 5. Bc1 Nfd7 6. f4 c5 7.
Nf3 Nc6 8. c3 Qb6 9. g3 Be7 10.
Bh3 cxd4 11. cxd4 g5 12. Nc3 f5 13. exf6 Bxf6 14. Bxe6 Nxd4 15. Bxd5 Kd8 16. fxg5 hxg5 17. Nxd4 Bxd4 18. Bxg5+ Nf6 19. Qd2 Re8+ 20. Ne4 Bf5 21. Bxf6+ Qxf6 22. O-O-O Rxe4 23. Bxe4 Rc8+ 24. Kb1 Bxe4+ 25.
Ka1 Bxh1 26. Rxh1 Rc6 27. Rd1 Rd6 28. Qa5+ b6 29. Qxa7 Bxb2+ 30. Kb1 Rxd1+ 31. Kc2 Rc1+ 32. Kb3 Qc3+ 0-1

[Event "*** SCC Grand Prix: Titled Tuesday Blitz"]
[Site "Chess.com"]
[Date "2020.06.02"]
[Round "3"]
[White "KejJaj"]
[Black "AGW2016"]
[Result "0-1"]
[WhiteElo "2027"]
[BlackElo "2297"]
[TimeControl "180+1"]
[EndTime "10:27:57 PDT"]
[Termination "AGW2016 won by resignation"]

1. d4 Nf6 2. Bf4 g6 3. Nc3 d5 4. e3 Bg7 5. h4 O-O 6. h5 c5 7. hxg6 fxg6 8. Bh6 cxd4 9. exd4 Nc6 10. Nf3 Bg4 11. Be2 Qb6 12. Na4 Qc7 13. Qd2 Ne4 14. Qe3 Rf7 15. Bxg7 Rxg7 16. O-O-O Qa5 17. b3 b5 18. Bxb5 Qxb5 19. Rh4 Bf5 20. Rdh1 Nb4 21. Kb2 Rc8 22. Ne1 Nd6 23. c3 Nd3+ 24. Nxd3 Nc4+ 0-1

[Event "*** SCC Grand Prix: Titled Tuesday Blitz"]
[Site "Chess.com"]
[Date "2020.06.02"]
[Round "3"]
[White "picturesquecheck"]
[Black "Mikedannnn"]
[Result "0-1"]
[WhiteElo "2123"]
[BlackElo "2462"]
[TimeControl "180+1"]
[EndTime "10:27:58 PDT"]
[Termination "Mikedannnn won by checkmate"]

1. e4 c5 2. Nf3 e6 3. d4 cxd4 4. Nxd4 Nc6 5. Be2 Qc7 6. O-O Nf6 7. Nc3 a6 8. Be3 Be7 9. f3 O-O 10.
Kh1 d6 11. Qe1 b5 12. a3 Bb7 13. Qg3 Ne5 14. f4 Nc4 15. Bxc4 Qxc4 16. e5 dxe5 17. fxe5 Ne4 18. Nxe4 Bxe4 19. c3 a5 20. Rf4 Qd5 21.
Raf1 Bg6 22. Rg4 b4 23. axb4 axb4 24. h4 h5 25. Rxg6 fxg6 26. Rxf8+ Rxf8 27. Qxg6 Rf1+ 28. Bg1 Qxe5 29. Qe8+ Bf8 30. Nxe6 Qe1 31. Nxg7 Qxh4# 0-1

[Event "*** SCC Grand Prix: Titled Tuesday Blitz"]
[Site "Chess.com"]
[Date "2020.06.02"]
[Round "3"]
[White "Funo09"]
[Black "ditkin25"]
[Result "1-0"]
[WhiteElo "2778"]
[BlackElo "2441"]
[TimeControl "180+1"]
[EndTime "10:27:59 PDT"]
[Termination "Funo09 won by resignation"]

1. e4 c6 2. Nc3 d5 3. Nf3 Nf6 4. e5 Ne4 5. Ne2 Qb6 6. d4 e6 7.
Ng3 c5 8. Bd3 Nxg3 9. hxg3 cxd4 10. a3 Nc6 11. b4 Bd7 12. Bf4 Be7 13. Kf1 f6 14. Qe2 O-O-O 15. Rc1 h5 16. c3 fxe5 17. Nxe5 g5 18. Bd2 Kb8 19. Nf7 Rhf8 20. Nxd8 Bxd8 21.
Rxh5 g4 22. c4 dxc4 23. Rxc4 Bc7 24. Kg1 e5 25. Rh7 Be6 26. Rc5 Rf7 27. Rh8+ Nd8 28. Bg5 a6 29. Bxd8 Bxd8 30. Qxe5+ Ka7 31. Rxd8 Qxd8 32.
Qxe6 Qf8 33. Rc2 Re7 34. Qxg4 Re1+ 35. Bf1 d3 36. Qd4+ Ka8 37. Qxd3 Qh6 38. Rc8+ Ka7 39. Qd4+ Qb6 40. Ra8+ Kxa8 41. Qxb6 1-0

[Event "*** SCC Grand Prix: Titled Tuesday Blitz"]
[Site "Chess.com"]
[Date "2020.06.02"]
[Round "3"]
[White "temus_galaktionov"]
[Black "AttilaTurzo"]
[Result "1-0"]
[WhiteElo "2728"]
[BlackElo "2479"]
[TimeControl "180+1"]
[EndTime "10:28:00 PDT"]
[Termination "temus_galaktionov won by resignation"]

1. d4 Nf6 2. Nf3 g6 3. c4 Bg7 4. Nc3 d5 5. cxd5 Nxd5 6. e4 Nxc3 7. bxc3 O-O 8. Be3 c5 9. Qd2 Qa5 10. Rc1 cxd4 11. cxd4 Qxd2+ 12. Kxd2 b6 13. Rc7 e6 14.
Bd3 Nd7 15. e5 f5 16. Bg5 Rf7 17. h4 Nxe5 18. Rxc8+ Rxc8 19. Nxe5 Bxe5 20. dxe5 Rd7 21. Rd1 Kg7 22. Bf6+ Kf7 23. h5 Rc5 24. hxg6+ hxg6 25. Rh1 Rcd5 26. Rh7+ Kg8 27. Rxd7 Rxd7 28. Kc3 Rc7+ 29. Kb3 Kf7 30. Bc4 Rd7 31. Bg5 Rd1 32. Be3 Rg1 33.
g3 Rb1+ 34. Kc2 Rb4 35. Kc3 Rb1 36. Bd3 Ra1 37. Kb2 Rd1 38. Bc4 Re1 39. a4 Rh1 40. Kc3 Ra1 41. Bb3 Ke7 42. Kc4 Rb1 43. Bc2 Rb2 44. Kc3 Ra2 45. Bc1 Kf7 46. Kb3 Rxc2 47. Kxc2 a6 48. Be3 b5 49. axb5 axb5 50. Kc3 Ke7 51.
Kb4 Kd7 52. Kxb5 Ke7 53. Kc6 Kf7 54. Bg5 1-0

[Event "*** SCC Grand Prix: Titled Tuesday Blitz"]
[Site "Chess.com"]
[Date "2020.06.02"]
[Round "3"]
[White "tylityli"]
[Black "Gandrade2"]
[Result "1-0"]
[WhiteElo "2284"]
[BlackElo "2006"]
[TimeControl "180+1"]
[EndTime "10:28:01 PDT"]
[Termination "tylityli won by resignation"]

1. d4 Nf6 2. c4 g6 3. Nc3 Bg7 4. e4 d6 5. Nge2 O-O 6. Ng3 c5 7. d5 e6 8. Be2 exd5 9. cxd5 Re8 10. O-O a6 11. a4 Nbd7 12. Bf4 Ne5 13. Qd2 Bg4 14.
f3 Bd7 15. Bh6 Rb8 16. Bxg7 Kxg7 17. f4 Neg4 18. h3 Nh6 19. Bf3 b5 20. axb5 axb5 21. Rfe1 b4 22. Na4 Bxa4 23. Rxa4 Nd7 24. Raa1 Qh4 25.
Kh2 Ng8 26. b3 Ngf6 27. Ra7 Ra8 28. Rea1 Rxa7 29. Rxa7 Nf8 30. Qf2 Nh5 31. Nf5+ gxf5 32. Qxh4 1-0

[Event "*** SCC Grand Prix: Titled Tuesday Blitz"]
[Site "Chess.com"]
[Date "2020.06.02"]
[Round "3"]
[White "korbul"]
[Black "barbara25"]
[Result "1-0"]
[WhiteElo "2478"]
[BlackElo "2214"]
[TimeControl "180+1"]
[EndTime "10:28:03 PDT"]
[Termination "korbul won by resignation"]

1. d4 Nf6 2. c4 e6 3. Nf3 d5 4. Nc3 c6 5. e3 Nbd7 6. Be2 Bd6 7.
O-O O-O 8. Qc2 e5 9. dxe5 Nxe5 10. cxd5 cxd5 11. Nb5 Bb8 12. Bd2 a6 13. Nbd4 Ne4 14.
Bb4 Re8 15. Rac1 Bd7 16. Rfd1 Qf6 17. Be1 Qh6 18. Qb3 Bc6 19. Nxe5 Bxe5 20. f4 Bxd4 21. Rxd4 Nd6 22. Bf3 Nf5 23. Rd3 Bb5 24. Rdc3 d4 25.
Rc7 Qg6 26. e4 Ne3 27. Bg3 h5 28. f5 Qf6 29. Bh4 Re7 30. Bxf6 1-0